 Dungeon Crawl Stone Soup version 0.32-a0-747-gc8563f6773 (webtiles) character file.

Game seed: 5635071867442656511

1231 Elsrick the Chopper (level 8, 0/60 HPs)
             Began as a Coglin Gladiator on Mar 17, 2024.
             Shot with an arrow by a centaur (5 damage)
             ... on level 5 of the Dungeon.
             The game lasted 00:14:29 (4332 turns).

Elsrick the Chopper (Coglin Gladiator)              Turns: 4332, Time: 00:14:29

Health: 0/60       AC:  7    Str: 17    XL:     8   Next: 48%
Magic:  8/8        EV: 11    Int:  7    God:
Gold:   249        SH:  0    Dex: 16    Spells: 7/7 levels left

rFire   . . .        t - +1 hammer (protect) {Fuyuko}
rCold   . . .        C - +2 war axe (flame) {Feng}
rNeg    . . .        i - +0 ring mail
rPois   .            G - +0 helmet
rElec   .            (no cloak)
rCorr   .            p - +0 pair of gloves
SInv    .            (no boots)
Will    .....        (amulet unavailable)
Stlth   +            (ring unavailable)
HPRegen 0.30/turn    (ring unavailable)
MPRegen 0.11/turn    (no gizmo)

%: no passive effects
@: no status effects
A: off-hand wielding, slow wielding, warmup strikes, no jewellery
a: Invent Gizmo


You were on level 5 of the Dungeon.
You visited 1 branch of the dungeon, and saw 5 of its levels.

You collected 249 gold pieces.

Inventory:

Hand Weapons
 a - a +0 long sword {Fredrik}
 f - a +0 dagger {Ana}
 j - a +0 dagger of speed {Njabulo}
 o - a +0 dagger of pain
 t - a +1 hammer of protection (weapon) {Fuyuko}
 C - a +2 war axe of flaming (offhand) {Feng}
Missiles
 e - 6 javelins
 g - 14 poisoned darts
 x - a curare-tipped dart (quivered)
Armour
 b - a +0 leather armour
 c - a +0 helmet
 i - a +0 ring mail (worn)
 p - a +0 pair of gloves (worn)
 G - a +0 helmet (worn)
Magical Staves
 h - a staff of alchemy
 k - a staff of conjuration
Talismans
 y - a beast talisman
Wands
 A - a wand of polymorph (12)
 B - a wand of acid (11)
Scrolls
 m - 2 scrolls of amnesia
 n - 2 scrolls of poison
 r - a scroll of fog {unknown}
 u - 3 scrolls of teleportation
 w - a scroll of enchant weapon {unknown}
 D - a scroll of vulnerability {unknown}
 F - a scroll of silence {unknown}
Potions
 d - a potion of might {unknown}
 l - 4 potions of curing
 q - a potion of invisibility {unknown}
 s - a potion of brilliance {unknown}
 z - a potion of heal wounds {unknown}
 E - 2 potions of haste


   Skills:
 + Level 3.9 Fighting
 * Level 3.0(3.8) Short Blades
 - Level 3.9(4.5) Long Blades
 * Level 5.2(5.7) Axes
 - Level 3.0(4.3) Maces & Flails
 + Level 2.4 Throwing
 + Level 2.6 Armour
 + Level 3.8 Dodging


You had 7 spell levels left.
You didn't know any spells.
Your spell library contained the following spells:

 Spells                   Type           Power      Damage    Failure   Level
 Apportation              Tloc           0%         N/A       63%         1
 Necrotise                Necr           0%         1d4       63%         1
 Sting                    Conj/Alch      0%         1d3       63%         1
 Summon Small Mammal      Summ           0%         N/A       63%         1
 Summon Blazeheart Golem  Fire/Summ      0%         N/A       100%        4
 Orb of Destruction       Conj           0%         9d5       100%        7
 Spellforged Servitor     Conj/Summ      0%         N/A       100%        7


Dungeon Overview and Level Annotations

Branches:
Dungeon (5/15)
 Temple: D:4-7

Altars:
Kikubaaqudgha
Trog
The Shining One

Shops:
D:5 (

Annotations:
D:2 1 runed translucent door, Crazy Yiuf
D:5 2 transporters


Innate Abilities, Weirdness & Mutations

You can wield a second weapon in your off-hand.
It takes a long time for you to wield or remove held weapons.
Your first few attacks do less damage.
You cannot equip rings or amulets.


Message History

Your Short Blades skill increases to level 3!
The gnoll hits you with a +0 halberd! The gnoll closely misses you.
Items here: ) [[ †.
You hit the gnoll with your +2 war axe of flaming.
You burn the gnoll.
The gnoll is heavily wounded.
You barely miss the gnoll with your +2 war axe of flaming.
You hit the centaur with your +2 war axe of flaming.
You burn the centaur.
You barely miss the gnoll with your +1 hammer of protection.
The centaur hits you. The centaur misses you. The gnoll barely misses you.
The gnoll hits you with a +0 halberd.
The centaur hits you but does no damage.
The centaur kicks you but does no damage.
The centaur wields a +0 orcbow.
The centaur shoots an arrow.
The arrow barely misses you. The gnoll barely misses you. x2
You see here a +0 spear.
The centaur shoots an arrow.
The arrow hits you!
Throw: 2 darts (curare)
Press: ? - help, Q - select action, (/) - cycle Shift-Dir - straight line, f - gnoll
Aim: a gnoll, wielding a +0 halberd (heavily wounded, 63% to hit)
You throw a curare-tipped dart. The curare-tipped dart hits the gnoll.
The gnoll is poisoned.
The gnoll struggles to breathe.
The gnoll seems to slow down.
The gnoll is severely wounded.
The gnoll hits you from afar with a +0 halberd.
You kill the gnoll!
You see here an iguana corpse.
The centaur shoots an arrow.
The arrow closely misses you.
The centaur shoots an arrow.
The arrow hits you.
The centaur shoots an arrow.
The arrow hits you!
* * * LOW HITPOINT WARNING * * *
The centaur shoots an arrow.
The arrow hits you!
* * * LOW HITPOINT WARNING * * *
You feel better.
The centaur shoots an arrow.
The arrow closely misses you.
The centaur shoots an arrow.
The arrow hits you.
* * * LOW HITPOINT WARNING * * *
The centaur shoots an arrow.
The arrow closely misses you.
The centaur shoots an arrow.
The arrow hits you.
You die...

...............#.....#..########.
+#........###....................
#######..# #..##..###..#########
#..# #..#.c......# #..#
#..#.###.#>.# #..# #..#.# #.####
...# #..#.# #.# ##.# #..#.# #.#
#.# #..#@# #.# #. #..#.# #.#
..<##..#.# #c# ..()...# #.#
..###..#####†# .(..)..cg..g.#
(......#####.# ....... #.#
######. #.#


You could see a centaur.

Vanquished Creatures
  Pikel (D:4)
  Eustachio (D:4)
  A phantom (D:5)
  2 lemures (D:4)
  A scorpion (D:3)
  A gnoll sergeant (D:5)
  A bombardier beetle (D:5)
  2 jellies
  2 orc priests
  Jessica (D:3)
  An iguana (D:5)
  Ijyb (D:3)
  2 orc wizards
  4 gnolls (D:5)
  3 adders
  A white imp (D:5)
  3 dart slugs
  A ribbon worm (D:2)
  5 orcs
  3 endoplasms
  3 giant cockroaches
  8 hobgoblins
  12 jackals
  3 quokkas
  5 ball pythons
  2 bats (D:1)
  5 frilled lizards
  10 goblins
  7 kobolds
  7 rats
99 creatures vanquished.

Notes
Turn   | Place    | Note
-------+----------+-------------------------------------------
     0 | D:1      | Elsrick the Coglin Gladiator began the quest for the Orb.
     0 | D:1      | Reached XP level 1. HP: 16/16 MP: 1/1
    94 | D:1      | Reached XP level 2. HP: 19/22 MP: 2/2
   367 | D:1      | Found a faded altar of an unknown god.
   448 | D:1      | Reached XP level 3. HP: 27/27 MP: 3/3
  1109 | D:2      | Reached XP level 4. HP: 33/33 MP: 4/4
  1260 | D:2      | Found a runed translucent door.
  1261 | D:2      | Noticed Crazy Yiuf
  1581 | D:2      | Found an ancient bone altar of Kikubaaqudgha.
  1694 | D:3      | Noticed Ijyb
  1899 | D:3      | Found a bloodstained altar of Trog.
  1911 | D:3      | Reached skill level 1 in Armour
  1934 | D:3      | Noticed Jessica
  1940 | D:3      | Killed Jessica
  2121 | D:3      | Reached skill level 1 in Maces & Flails
  2238 | D:3      | Reached XP level 5. HP: 39/39 MP: 5/5
  2468 | D:3      | Reached skill level 1 in Short Blades
  2534 | D:3      | Killed Ijyb
  2730 | D:4      | Reached XP level 6. HP: 25/47 MP: 6/6
  3145 | D:4      | Noticed Eustachio
  3162 | D:4      | Killed Eustachio
  3163 | D:4      | Reached skill level 1 in Axes
  3249 | D:4      | Noticed Pikel
  3257 | D:4      | Killed Pikel
  3258 | D:4      | Reached skill level 3 in Axes
  3258 | D:4      | Reached XP level 7. HP: 53/53 MP: 7/7
  3258 | D:4      | Reached XP level 8. HP: 60/60 MP: 8/8
  3260 | D:4      | Reached skill level 4 in Axes
  3817 | D:5      | Entered Level 5 of the Dungeon
  3828 | D:5      | Found Ojuso's Weapon Emporium.
  3990 | D:5      | Found a transporter.
  4004 | D:5      | Noticed a yak
  4005 | D:5      | Found a transporter.
  4023 | D:5      | Found a glowing golden altar of the Shining One.
  4306 | D:5      | Reached skill level 5 in Axes
  4322 | D:5      | HP: 1/60 [centaur/arrow (10)]
  4332 | D:5      | Shot with an arrow by a centaur

Illustrated notes

Levels and vault maps discovered:
D:1:      minmay_arrival_up_and_down, layout_loops_ring,
          shapermc_ecumenical_altar_flowoftime
D:2:      layout_basic, basic_altar, uniq_crazy_yiuf_cottage
D:3:      layout_basic, lemuel_round_altar, kennysheep_path_1, uniq_jessica,
          uniq_ijyb
D:4:      layout_basic, minivault_27, uniq_pikel, uniq_eustachio
D:5:      layout_basic, gammafunk_temple_overflow_arena, serial_shops, shop

Skill      XL: |  1  2  3  4  5  6  7  8 |
---------------+-------------------------+-----
Dodging        | 3 |  3.8
Armour         | 1 2 |  2.6
Maces & Flails | 1 2 3 |  3.0
Short Blades   | 1 2 3 |  3.0
Fighting       | 3 |  3.9
Axes           | 3 5 |  5.2
Throwing       | 2 |  2.4
Long Blades    | |  3.9

Action                     |  1- 3 |  4- 6 |  7- 9 || total
---------------------------+-------+-------+-------++-------
  Melee: Dagger            |    84 |    94 |       ||   178
         Long sword        |    88 |     1 |       ||    89
         Mace              |       |   117 |    38 ||   155
         Unarmed           |       |     3 |       ||     3
         War axe           |       |    16 |    41 ||    57
  Throw: Dart              |       |     9 |     5 ||    14
         Javelin           |       |     2 |       ||     2
    Use: Scroll            |       |       |     5 ||     5
         Potion            |       |       |     1 ||     1
 Armour: Ring mail         |    51 |    70 |    35 ||   156
         Leather armour    |     3 |       |       ||     3
         Skin              |       |    21 |       ||    21
  Dodge: Dodged            |    49 |    75 |    33 ||   157

Table legend: (Time is in decaauts)
 A = Elapsed time spent in this place.
 B = Non-inter-level travel time spent in this place.
 C = Inter-level travel time spent in this place.
 D = Time resting spent in this place.
 E = Time spent auto-exploring this place.
 F = Levels seen in this place.
 G = Mean time per level.
                   A        B        C        D        E       F      G
               +--------+--------+--------+--------+--------+-----+--------+
         Total |   4345 |   4055 |    290 |    490 |   2290 |   5 |  869.0 |
       Dungeon |   4345 |   4055 |    290 |    490 |   2290 |   5 |  869.0 |
               +--------+--------+--------+--------+--------+-----+--------+

Top non-repeatable levels by time:
     D:4: 1129 daAuts
     D:2: 932 daAuts
     D:1: 919 daAuts
     D:3: 842 daAuts
     D:5: 522 daAuts
